 Dungeon Crawl Stone Soup version 0.31.0-9-g3a7656b989 (webtiles) character file.

Game seed: 17888355306007203566

133 qw the Shooter (level 4, 0/23 HPs)
             Began as a Spriggan Hunter on Feb 2, 2024.
             Slain by a river rat (9 damage)
             ... summoned by Eustachio
             ... on level 4 of the Dungeon.
             The game lasted 00:00:10 (1996 turns).

qw the Shooter (Spriggan Hunter)                    Turns: 1996, Time: 00:00:11

Health: 0/23       AC:  2    Str:  7    XL:     4   Next: 94%
Magic:  5/5        EV: 25    Int: 10    God:
Gold:   164        SH:  0    Dex: 20    Spells: 3/3 levels left

rFire   . . .        a - +0 shortbow
rCold   . . .        (shield currently unavailable)
rNeg    . . .        c - +0 robe
rPois   .            (helmet restricted)
rElec   .            (no cloak)
rCorr   .            (gloves unavailable)
SInv    +            (boots unavailable)
Will    .....        (no amulet)
Stlth   ++           d - +5 ring of evasion
HPRegen 0.23/turn    (no ring)
MPRegen 0.09/turn

%: no passive effects
@: very quick
A: very small, no large weapons, unfitting armour, see invisible, speed 3
a: no special abilities


You were on level 4 of the Dungeon.
You visited 1 branch of the dungeon, and saw 4 of its levels.

You collected 214 gold pieces.
You spent 50 gold pieces at shops.


Innate Abilities, Weirdness & Mutations

You are very small and have problems with some larger weapons.
You are too small for most types of armour.
You have supernaturally acute eyesight. (SInv)
You cover ground extremely quickly. (Speed+++)


   Skills:
 - Level 2.2 Fighting
 + Level 5.0 Ranged Weapons
 - Level 5.0 Dodging
 - Level 1.5 Stealth


You had 3 spell levels left.
You didn't know any spells.
Your spell library was empty.

Inventory:

Hand Weapons
 a - a +0 shortbow (weapon)
Armour
 c - a +0 robe (worn)
Jewellery
 d - a +5 ring of evasion (left hand)
Wands
 k - a wand of paralysis (9)
 p - a wand of roots (9)
 q - a wand of digging (7)
Scrolls
 h - a scroll of teleportation
Potions
 b - a potion of curing
 j - a potion of attraction {unknown}
 l - a potion of invisibility {unknown}
 m - a potion of magic {unknown}
 n - a potion of berserk rage {unknown}
 o - a potion of degeneration {unknown}

Dungeon Overview and Level Annotations

Branches:
Dungeon (4/15)
 Temple: D:4-7

Altars:
Kikubaaqudgha
Vehumet

Shops:
D:2 *

Annotations:
D:3 1 runed translucent door, Crazy Yiuf
D:4 Eustachio


Message History

The arrow hits the crimson imp but does no damage.
The crimson imp completely misses you.
You shoot an arrow. The arrow hits the crimson imp.
The crimson imp is moderately wounded.
The shadow imp disappears in a puff of smoke!
The crimson imp hits you.
You shoot an arrow. The arrow misses the crimson imp.
The arrow hits Eustachio.
Eustachio is almost dead.
The crimson imp misses you.
You shoot an arrow. The arrow hits the crimson imp!
The crimson imp is severely wounded.
The crimson imp disappears in a puff of smoke!
You shoot an arrow. The arrow barely misses Eustachio.
The arrow hits the river rat but does no damage.
Eustachio gestures wildly while chanting.
Eustachio blinks!
You shoot an arrow.
The arrow hits the river rat but does no damage.
Eustachio gestures wildly while chanting.
Eustachio blinks!
The river rat closely misses you.
You shoot an arrow. The arrow hits the river rat.
The river rat is moderately wounded.
The river rat bites you.
You shoot an arrow.
The arrow hits the river rat but does no damage.
The river rat is moderately wounded.
Eustachio gestures wildly while chanting.
The river rat closely misses you.
You shoot an arrow.
The arrow hits the river rat but does no damage.
The river rat is moderately wounded.
The river rat misses you.
You shoot an arrow. The arrow hits the river rat.
The river rat is moderately wounded.
The river rat bites you. x2
You shoot an arrow. The arrow barely misses the river rat.
The arrow closely misses the quasit.
Eustachio gestures wildly while chanting.
The river rat bites you!
You die...

.. # .#.#
###.#.## #......
#....# .## #....#
.
.....####..r.##..
#...@r5....... #
######@...###
#....# . ##...#
.. #....!..>....#
.....##.#...#
...#.........
............
##... .[...


You could see Eustachio, a quasit (summoned), a river rat (summoned, expiring)
and a rat (summoned).

Vanquished Creatures
  A jelly (D:4)
  2 adders
  A dart slug (D:3)
  A ribbon worm (D:2)
  An orc (D:3)
  6 endoplasms
  7 giant cockroaches
  13 goblins
  7 hobgoblins
  4 jackals (D:2)
  2 quokkas
  9 ball pythons
  5 bats
  4 frilled lizards
  5 kobolds
  3 rats (D:2)
71 creatures vanquished.

Notes
Turn   | Place    | Note
-------+----------+-------------------------------------------
     0 | D:1      | qw the Spriggan Hunter began the quest for the Orb.
     0 | D:1      | Reached XP level 1. HP: 10/10 MP: 2/2
     0 | D:1      | 0 ||| qw: Version: 0.3-a-155-g5e7d8dd
     0 | D:1      | 0 ||| qw: Game counter: 189
     0 | D:1      | 0 ||| qw: Melee chars always use a shield: true
     0 | D:1      | 0 ||| qw: God list: Okawaru
     0 | D:1      | 0 ||| qw: Allow faded altars: false
     0 | D:1      | 0 ||| qw: Do Orc after clearing Dungeon:15 true
     0 | D:1      | 0 ||| qw: Do second Lair branch before Depths: true
     0 | D:1      | 0 ||| qw: Lair rune preference: random
     0 | D:1      | 0 ||| qw: Goals: Normal
     0 | D:1      | 0 ||| PLANNING D:1-11
    29 | D:1      | Reached skill level 3 in Dodging
    96 | D:1      | Reached XP level 2. HP: 14/14 MP: 3/3
   377 | D:1      | 377 ||| UPGRADING to +5 ring of evasion.
   378 | D:1      | 378 ||| READING scroll labelled KUOLOM DATZ.
   379 | D:1      | 379 ||| READING scroll labelled FULLIO LIURERA.
   379 | D:1      | 379 ||| IDENTIFYING 2 bubbling golden potions
   380 | D:1      | 380 ||| READING scroll labelled IGOQ GAZA.
   405 | D:1      | 405 ||| READING 2 scrolls labelled KOHOWN ZOAVILO.
   409 | D:1      | 409 ||| DROPPING scroll of butterflies.
   443 | D:2      | Reached XP level 3. HP: 18/18 MP: 4/4
   601 | D:2      | Found Gaextu's Assorted Antiques.
   611 | D:2      | 611 ||| BUYING brown potion (16 gold).
   611 | D:2      | Bought a brown potion for 16 gold pieces
   611 | D:2      | 611 ||| BUYING clear potion (16 gold).
   611 | D:2      | Bought a clear potion for 16 gold pieces
   611 | D:2      | 611 ||| SHOPLISTING cloak (81 gold, have 80).
   611 | D:2      | 611 ||| SHOPLISTING large brass amulet (90 gold, have 80).
   611 | D:2      | 611 ||| SHOPLISTING potion of heal wounds (90 gold, have
                  | 80).
   611 | D:2      | 611 ||| BUYING scroll labelled CAITAJ UCIRPH (18 gold).
   611 | D:2      | Bought a scroll labelled CAITAJ UCIRPH for 18 gold pieces
  1022 | D:2      | 1022 ||| READING scroll of identify.
  1022 | D:2      | 1022 ||| IDENTIFYING sedimented coppery potion
  1023 | D:2      | 1023 ||| READING scroll labelled CAITAJ UCIRPH.
  1064 | D:3      | 1064 ||| STAIRDANCE
  1097 | D:3      | 1097 ||| STAIRDANCE
  1117 | D:3      | Reached XP level 4. HP: 22/22 MP: 5/5
  1148 | D:3      | Found a runed translucent door.
  1149 | D:3      | Noticed Crazy Yiuf
  1385 | D:3      | Found an ancient bone altar of Kikubaaqudgha.
  1553 | D:3      | Found a radiant altar of Vehumet.
  1580 | D:3      | Found a faded altar of an unknown god.
  1810 | D:3      | 1810 ||| READING 2 scrolls of identify.
  1810 | D:3      | 1810 ||| IDENTIFYING glowing inky potion
  1811 | D:3      | 1811 ||| READING scroll of identify.
  1811 | D:3      | 1811 ||| IDENTIFYING brown potion
  1812 | D:3      | 1812 ||| DRINKING 2 dark potions.
  1831 | D:3      | 1831 ||| DROPPING potion of ambrosia.
  1832 | D:3      | 1832 ||| DROPPING potion of lignification.
  1907 | D:4      | Noticed Eustachio
  1908 | D:4      | 1908 ||| RETREEEEATING.
  1909 | D:4      | 1909 ||| RETREEEEATING.
  1910 | D:4      | 1910 ||| RETREEEEATING.
  1911 | D:4      | 1911 ||| RETREEEEATING.
  1913 | D:4      | 1913 ||| DRINKING potion of haste.
  1934 | D:4      | HP: 5/23 [poisoned by Eustachio]
  1935 | D:4      | 1935 ||| READING 2 scrolls of teleportation.
  1936 | D:4      | 1936 ||| DRINKING 2 potions of heal wounds.
  1940 | D:4      | HP: 4/23 [white imp/puff of frost[Eustachio] (4)]
  1941 | D:4      | 1941 ||| DRINKING potion of heal wounds.
  1951 | D:4      | 1951 ||| FLEEEEING.
  1980 | D:4      | 1980 ||| RETREEEEATING.
  1981 | D:4      | 1981 ||| RETREEEEATING.
  1982 | D:4      | 1982 ||| RETREEEEATING.
  1996 | D:4      | Slain by a river rat

Levels and vault maps discovered:
D:1:      dpeg_arrival_tiny_f, layout_rooms
D:2:      layout_loops_ring, serial_shops, shop
D:3:      layout_rooms, nicolae_vehumet_altar_sigil,
          lemuel_coloured_pillars_altar,
          dreamdust_ecumenical_altar_hidden_monk_grotto,
          minmay_fractal_squares_diagonal_5, uniq_crazy_yiuf_cottage
D:4:      layout_rooms, mainiacjoe_overflow_alcove_2,
          minmay_temple_entry_statues_fountains, minmay_misc_feat_more_columns,
          uniq_duvessa, uniq_eustachio

Skill      XL: |  1  2  3  4 |
---------------+-------------+-----
Dodging        | 3 4 5 |  5.0
Ranged Weapons | 5 |  5.0
Fighting       | 2 |  2.2
Stealth        | |  1.5

Action                     |  1- 3 |  4- 6 || total
---------------------------+-------+-------++-------
   Fire: Shortbow          |   128 |    88 ||   216
    Use: Scroll            |     6 |     3 ||     9
         Potion            |       |     4 ||     4
 Armour: Robe              |     5 |    15 ||    20
  Dodge: Dodged            |    40 |    54 ||    94

Table legend:
 A = Non-vault XP
 B = Vault XP
 C = Vault XP percentage of total XP
 D = Non-vault monster count
 E = Vault monster count
 F = Vault count percentage of total count
                 A         B        C        D         E       F
            +---------+---------+-------+---------+---------+-------
      Total |     182 |       9 |   4.7 |      67 |       4 |   5.6
            +---------+---------+-------+---------+---------+-------
        D:1 |      39 |       0 |   0.0 |      23 |       0 |   0.0
        D:2 |      53 |       0 |   0.0 |      23 |       0 |   0.0
        D:3 |      41 |       9 |  18.0 |      17 |       4 |  19.0
        D:4 |      49 |       0 |   0.0 |       4 |       0 |   0.0
            +---------+---------+-------+---------+---------+-------
